 Dungeon Crawl Stone Soup version 0.17-a0-755-g4391640 (webtiles) character file.

375 panicbit the Shield-Bearer (level 6, -4/53 HPs)
             Began as a Minotaur Fighter on Apr 22, 2015.
             Was an Initiate of Okawaru.
             Slain by Menkaure (18 damage)
             ... on level 4 of the Dungeon.
             The game lasted 00:10:41 (3172 turns).

panicbit the Shield-Bearer (Minotaur Fighter)       Turns: 3172, Time: 00:10:42

Health: -4/53      AC:  9    Str: 20    XL:     6   Next: 44%
Magic:  5/5        EV:  8    Int:  5    God:    Okawaru [......]
Gold:   234        SH: 10    Dex: 12    Spells: 0 memorised, 5 levels left

rFire  . . .     SeeInvis .     w - +0 war axe
rCold  . . .     Clarity  .     b - +0 scale mail
rNeg   . . .     SustAb   .     c - +0 shield
rPois  .         Gourm    .     (helmet restricted)
rElec  .         Spirit   .     j - +0 cloak
rCorr  .         Warding  .     a - +0 pair of gloves
rMut   .         Stasis   .     (no boots)
MR     .....                    (no amulet)
Stlth  ..........               (no ring)
                                p - ring of teleport control

@: not resistant to hostile enchantments, extremely unstealthy
A: retaliatory headbutt, horns 2
a: Renounce Religion, Evoke Teleport Control


You were on level 4 of the Dungeon.
You worshipped Okawaru.
Okawaru was noncommittal.
You were not hungry.

You visited 2 branches of the dungeon, and saw 5 of its levels.

You collected 234 gold pieces.

Inventory:

Hand weapons
 w - a +0 war axe (weapon)
Armour
 a - a +0 pair of gloves (worn)
 b - a +0 scale mail (worn)
 c - a +0 shield (worn)
 j - a +0 cloak (worn)
Jewellery
 p - a ring of teleport control (left hand)
 r - an uncursed amulet of regeneration
Magical devices
 v - a wand of disintegration (17)
Scrolls
 h - a scroll of random uselessness {unknown}
 i - 2 scrolls of remove curse
 k - 4 scrolls of identify {unknown}
 q - a scroll of recharging {unknown}
 t - a scroll of noise {unknown}
 u - a scroll of fog {unknown}
Potions
 d - 2 potions of might
 l - a potion of lignification {unknown}
 m - a potion of cure mutation {unknown}
 n - 2 potions of curing {unknown}
 o - a potion of cancellation {unknown}
Comestibles
 e - 2 bread rations
 f - a chunk of flesh
 g - a meat ration


   Skills:
 + Level 4.6 Fighting
 + Level 4.6 Axes
 + Level 4.9 Armour
 + Level 2.3 Dodging
 + Level 0.3 Stealth
 + Level 5.5 Shields


You had 5 spell levels left.
You didn't know any spells.

Dungeon Overview and Level Annotations

Branches:
Dungeon (4/15)             Temple (1/1) D:4

Altars:
Gozag
Kikubaaqudgha
Nemelex Xobeh
Okawaru
Ru
Vehumet
Xom
Zin
The Shining One

Annotations:
D:4 Menkaure


Innate Abilities, Weirdness & Mutations

You reflexively headbutt those who attack you in melee.
You have a pair of horns on your head.


Message History

You slash Menkaure!
You headbutt Menkaure, but do no damage.
Menkaure is severely damaged.
You block Menkaure's attack.
You hit Menkaure but do no damage.
Menkaure is severely damaged.
Menkaure hits you. The gnoll barely misses you.
You hit Menkaure.
Menkaure is almost destroyed.
Menkaure hits you. You block the gnoll's attack. Menkaure casts a spell at you.
You barely resist.
A gnoll comes into view. It is wielding a spear.
The gnoll shouts!
You hit Menkaure but do no damage.
Menkaure is almost destroyed.
The gnoll hits you from afar with a halberd.
* * * LOW HITPOINT WARNING * * *
Menkaure hits you!!
You die...

###########...####.
####..# #.....###
#.#####.. #.# M#
#.# .# #.# .# #
#.#####.##.....
#....@M....#
#######g#### .g.
####


You could see Menkaure and 2 gnolls.

Vanquished Creatures
  The ghost of masdan the Skirmisher, an average HOAK of Lugonu (D:3)
  A crimson imp (D:3)
  An orc priest (D:3)
  Natasha (twice) (D:3)
  5 adders
  5 gnolls (D:4)
  An ooze (D:2)
  3 worms
  3 giant geckos
  12 orcs
  A ball python (D:3)
  A bat skeleton (D:4)
  11 goblins
  16 hobgoblins
  2 quokkas
  10 bats
  5 giant cockroaches
  5 giant newts
  8 jackals
  7 kobolds
  7 rats
107 creatures vanquished.

Notes
Turn   | Place    | Note
--------------------------------------------------------------
     0 | D:1      | panicbit, the Minotaur Fighter, began the quest for the Orb.
     0 | D:1      | Reached XP level 1. HP: 19/19 MP: 0/0
   197 | D:1      | Reached XP level 2. HP: 27/27 MP: 1/1
   324 | D:1      | Reached skill level 4 in Armour
   524 | D:1      | Reached XP level 3. HP: 33/33 MP: 2/2
  1621 | D:2      | Reached XP level 4. HP: 40/40 MP: 3/3
  1627 | D:2      | Reached skill level 1 in Dodging
  2113 | D:3      | Noticed Natasha
  2121 | D:3      | Killed Natasha
  2121 | D:3      | Reached XP level 5. HP: 35/47 MP: 4/4
  2214 | D:3      | Noticed masdan's ghost (average HOAK)
  2230 | D:3      | Killed masdan's ghost
  2230 | D:3      | Reached skill level 5 in Shields
  2382 | D:3      | Reached XP level 6. HP: 37/53 MP: 5/5
  2411 | D:3      | Noticed Natasha
  2418 | D:3      | Killed Natasha
  2864 | D:4      | Found a staircase to the Ecumenical Temple.
  2875 | Temple   | Entered the Ecumenical Temple
  3033 | Temple   | Became a worshipper of Warmaster Okawaru
  3159 | D:4      | Noticed Menkaure
  3172 | D:4      | Slain by Menkaure

Action                   |  1- 3 |  4- 6 || total
-------------------------+-------+-------++-------
Melee: War axe           |   100 |   165 ||   265
  Use: Scroll            |       |     1 ||     1
  Eat: Chunk             |     2 |     5 ||     7
       Beef jerky        |       |     1 ||     1
